Workbook

Sheet Request to Travel
A1: NICHOLLS STATE UNIVERSITY
A2: REQUEST FOR AUTHORIZATION TO TRAVEL
L3: New Document
L4: Revised
L5: Cancel
A7: NO REGISTRATIONS OR RESERVATIONS SHOULD BE MADE UNTIL ALL APPROVALS ARE OBTAINED.
A8: Instructions: Complete all sections pertaining to your request. Submit original plus 2 copies of signed authorization to Controller's Office with all necessary approvals at least 10 working days prior to travel. Please give additional lead time when requesting advances which involve deadlines (i.e. registrations).
A10: SECTION A: General Information - Complete all information.
A11: Name: (attach list of additional travelers) | I11: N# | K11: Title:
A13: Travel Destination: | H13: Departure Date: | L13: Time:
H14: Return Date: | L14: Time:
A15: Name of Department to be Charged: | H15: Personal Vehicle | J15: Rental | L15: Other
H16: State Vehicle | I16: State Vehicle #
A17: Purpose / Justification for Travel: | H17: SECTION C: Estimated Expense
H18: Blanket Costs / Other Miscellaneous:
A19: SECTION B: Type of Travel (Select all that apply) | H19: Registration Fees:
B20: Conference / Seminar* | H20: Airfare Costs:
B21: Blanket Authorization for Routine Travel | H21: Personal Car Mileage: | K21: @ | L21: 0.76 | M21: =J21*0.76 -> 0
B22: In-State Travel | E22: Out-of-State Travel | H22: Lodging:
A23: *REQUIRED DOCUMENTATION: | H23: Cost of Meals:
A24: If reason for trip is a Conference or Seminar, a brochure or agenda is required to be attached to this form. | H24: Car Rental:
H25: Total Estimated Cost of Trip: | M25: =SUM(M18:N24) -> 0
H26: Controller's Office Use Only
B27: CBA Charge | E27: Airfare | G27: Hotel | H27: Encumbrance | K27: Date | M27: Initials
A28: Travel Advance** | D28: Amount:
A30: ** Complete Travel Advance Form
A31: SECTION D: Agency Accounting
A32: Fund | D32: Organization | H32: Account | I32: Program | L32: Amount
A36: SECTION E: Approval Signatures
A37: I (we) certify that the sole use of the above vehicle will be official business for Nicholls State University and will conform with existing travel regulations. Driver's signature indicates NiSU vehicle regulations have been read and are understood.
A41: Traveler | C41: Phone # | H41: Date | I41: Department Head | M41: Date
A43: Dean / Director | H43: Date | I43: Vice President (if over $1,000.00) | M43: Date
A45: University Police (when using state vehicle) | H45: Date | I45: Controller's Office | M45: Date
A47: Revised 08/03/2026

Sheet Travel Advance
B1: NICHOLLS STATE UNIVERSITY
B2: TRAVEL ADVANCE
J4: New Document
J5: Revised
A6: INSTRUCTIONS:
A7: A. | B7: Complete this form and submit to supervisor for approval.
A8: B. | B8: Forward the original plus 2 copies of the signed authorization to Controller's Office at least 10 working days prior to date needed.
A10: C. | B10: Attach copy of conference registration form if applicable.
A11: D. | B11: Travel advance check must be picked up in Controller's Office.
A12: E. | B12: Travel advance must be over $100.00.
A14: 1. | B14: Traveler's Name: | J14: Insert N# below:
A16: 2. | B16: Purpose of Trip:
A18: 3. | B18: Destination:
A20: 4. | B20: Departure Date: | H20: Return Date:
A22: 5. | B22: Amount of Advance: | D22: $
A23: 6. | B23: Name of department to be charged:
A25: 7. | E25: Fund | G25: Organization | I25: Account | K25: Program
B26: FOAPAL | I26: 1320
A27: 8. | B27: Date Advance is Needed: | E27: Check will be available for pick-up on this date.
A29: 9. | B29: Traveler's Signature | H29: Date: | J29: Phone #:
A31: 10. | B31: Supervisor's Signature | J31: Date:
A33: 11. | B33: Controller's Signature
A36: Acknowledgment
B38: I acknowledge receipt of check no. _____________ for the above advance and agree to settle this advance
B39: on or before _______________________________________________________________.
B41: If not settled when due, I hereby authorize that any unsettled balance be deducted from any sum due me
B42: for services or otherwise.
A46: Revised 07/01/22 | G46: Signature of Recipient of Advance | K46: Date

Sheet Travel Expense Front
A1: TRAVEL EXPENSE ACCOUNT | Y1: REVISED 08/03/2026
A2: The statement on the reverse side must be completely filled in by the payee prior to signature.
A3: Original receipts must be attached as required by travel regulations.
A5: Name: | X5: Date of Claim:
A6: Address: | X6: Department Name:
A7: City: | X7: Date of trip/period:
A8: Expense Summary -- Please complete back of form first - totals will populate to front.
A9: State | L9: Lump-Sum Allowance
A10: Vehicle #:
A11: Odometer:
A12: Beginning: | L12: TOTAL MILES: | X12: @ $0.76 | Y12: =SUM(S12*0.76) -> 0 | Z12: =SUM(Y11:Y12) -> 0 | AA12: =SUM(U12*0.48) -> 0
A13: Ending: | L13: Lodging | Y13: =+'Travel Expense Back'!F27 -> 0
L14: Meals | Y14: =+'Travel Expense Back'!H27 -> 0 | Z14: =SUM(Y13:Y14) -> 0
A15: Tolls and Parking | Z15: =+'Travel Expense Back'!I27 -> 0
A16: Tips | Z16: =+'Travel Expense Back'!J27 -> 0
A17: Other Expenses | Z17: =+'Travel Expense Back'!L27 -> 0
A18: Total Cost of Trip | Z18: =SUM(Z9,Z12,Z14:AA17) -> 0
A19: Less: CBA Charges
A20: Total Reimbursable Cost | Z20: =SUM(Z18-Z19) -> 0
A21: Less: Travel Advance | L21: Check #
A22: Balance Due | Z22: =SUM(Z20-Z21) -> 0
A24: Certificate of Payee
C25: I certify that this expense account is just and true in all respects; that the distances shown were actually and necessarily traveled on the dates specified on official business only; that the expenses charged were incurred on official business of the State and none of the expenses have been paid by the State; and that the full amount is justly due.
Y28: Date:
B29: Signed by Payee | S29: Title or Position | Z29: NSU Ext:
A31: Certificate of Head of Budget Unit
C32: I certify that the charges set forth on this expense account have been examined by me; that the services for which the charges are made were necessary and proper; and that, in my opinion, the amounts claimed are just and reasonable.
Y34: Date
C35: Signed by | R35: Name | Y35: Title
A37: REMARKS BY HEAD OF BUDGET UNIT IN EXPLANATION OF UNUSUAL ITEMS, ETC.
A39: DESTINATION
A42: INVOICE NUMBER | W42: Travelers must provide N# and FOAPAL below. Prepare in triplicate.
A44: Shaded areas for Controller's Office use only.
A45: Insert N# Below | J45: FOAPAL | W45: Encumbrance # | Y45: AMOUNT | AA45: F/N LIQ
A46: N

Sheet Travel Expense Back
A1: *ORIGINAL RECEIPTS | D1: Conferences - Conventions - Workshops (Attach Agenda or Program) | G1: Airfare (Passenger receipts & itinerary)
B2: Hour | F2: Subsistence | K2: *Other Expenses
D3: Territory Traveled - Show All Points Visited | E3: Miles | G3: Meals | I3: *Tolls &
A4: Date | B4: Depart | C4: Arrive | D4: ALL EXPENSES MUST BE ITEMIZED PER DAY | E4: Traveled | F4: *Lodging | G4: No. | H4: Cost | I4: Parking | J4: Tips | K4: Description | L4: Cost
H5: .
D27: Totals: | E27: =SUM(E5:E26) -> 0 | F27: =SUM(F5:F26) -> 0 | G27: =SUM(G5:G26) -> 0 | H27: =SUM(H5:H26) -> 0 | I27: =SUM(I5:I26) -> 0 | J27: =SUM(J5:J26) -> 0 | L27: =SUM(L5:L26) -> 0
